 Dungeon Sprint DCSS version 0.18.1-6-gd335043 (webtiles) character file.

6204 Hipnos the Imperceptible (level 10, -8/46 HPs)
             Began as a Spriggan Enchanter on May 19, 2016.
             Was the Champion of Sif Muna.
             Killed by an exploding giant spore (28 damage)
             ... in the Dungeon (Sprint I: "Red Sonja").
             The game lasted 00:09:22 (892 turns).

Hipnos the Imperceptible (Spriggan Enchanter)        Turns: 892, Time: 00:09:23

Health: -8/46      AC:  6    Str:  2    XL:     10   Next: 61%
Magic:  27/29      EV: 25    Int: 15    God:    Sif Muna [******]
Gold:   213        SH:  0    Dex: 17    Spells: 3 memorised, 31 levels left

rFire  . . .     SeeInvis +     k - +0 dagger (venom)
rCold  + + .     Gourm    .     b - +1 robe
rNeg   + . .     Faith    .     (shield restricted)
rPois  +         Spirit   .     (helmet restricted)
rElec  .         Dismiss  .     t - +2 cloak {rPois}
rCorr  .         Reflect  .     (gloves unavailable)
SustAt .         Harm     .     (boots unavailable)
MR     +....     NoTele   +     (no amulet)
Stlth  +++++.....               r - ring of Rixam {rC++ rN+ Str-2 Int-5 Stlth+}
                                s - ring of poison resistance

@: confused, very quick, somewhat resistant to hostile enchantments, quite
stealthy
A: unfitting armour, see invisible, herbivore 3, speed 3, slow metabolism 2
a: Channel Energy, Forget Spell, Renounce Religion


You were in the Dungeon.
You worshipped Sif Muna.
Sif Muna was exalted by your worship.
You were not hungry.

You visited 1 branch You collected 1042 gold pieces.
You spent 829 gold pieces at shops.

Inventory:

Hand Weapons
 a - a +1 dagger
 k - a +0 dagger of venom (weapon)
Armour
 b - a +1 robe (worn)
 t - a +2 cloak of poison resistance (worn)
Jewellery
 l - an uncursed ring of ice
 r - the ring of Rixam (right hand) {rC++ rN+ Str-2 Int-5 Stlth+}
   (You bought it in a shop in the Dungeon)

   [ring of stealth]

   It affects your strength (-2).
   It affects your intelligence (-5).
   It greatly protects you from cold.
   It protects you from negative energy.
   It makes you more stealthy.
 s - a ring of poison resistance (left hand)
Scrolls
 j - a scroll of blinking
 m - a scroll of enchant weapon {unknown}
 q - a scroll of immolation {unknown}
Potions
 e - a potion of curing
 f - 2 potions of heal wounds
 g - a potion of haste
 h - 2 potions of magic
 i - a potion of flight {unknown}
Books
 c - a book of Maledictions

   Spells                             Type                      Level
   a - Corona                         Hexes                        1
   b - Ensorcelled Hibernation        Hexes/Ice                    2
   c - Confuse                        Hexes                        3
   d - Tukima's Dance                 Hexes                        3
   e - Dazzling Spray                 Conjuration/Hexes            3
 o - Sif Muna's Primer on Casting
   (Sif Muna gifted it to you in the Dungeon)

   Spells                             Type                      Level
   a - Airstrike                      Air                          4
   b - Throw Icicle                   Conjuration/Ice              4
   c - Cause Fear                     Hexes                        4
   d - Animate Dead                   Necromancy                   4
   e - Control Undead                 Necromancy                   4
   f - Petrify                        Transmutation/Earth          4
Miscellaneous
 p - a legendary deck of changes
Comestibles
 d - a bread ration
 n - 2 fruits


   Skills:
 + Level 2.1 Fighting
 + Level 3.6 Short Blades
 + Level 9.4 Dodging
 * Level 22.7 Stealth
 * Level 14.0 Spellcasting
 * Level 15.8 Hexes


You had 31 spell levels left.
You knew the following spells:

 Your Spells              Type           Power        Failure   Level  Hunger
a - Corona                Hex            ######.      0%          1    None
b - Ensorcelled Hibernat  Hex/Ice        ####..       1%          2    None
c - Confuse               Hex            ######..     1%          3    None


Dungeon Overview and Level Annotations

Branches:
Dungeon (1/1)

Altars:
Cheibriados
Dithmenos
Elyvilon
Fedhas
Gozag
Kikubaaqudgha
Makhleb
Nemelex Xobeh
Okawaru
Pakellas
Qazlal
Ru
Sif Muna
Trog
Vehumet
Xom
Yredelemnul
Zin
The Shining One
Jiyva

Shops:
D !(=[***(:}!!}*}[(


Innate Abilities, Weirdness & Mutations

You are tiny and cannot use many weapons and most armour.
You have supernaturally acute eyesight.
You are a herbivore.
You cover ground extremely quickly.
You need consume almost no food.


Message History

There is an open door here.
Things that are here:
a runed blowgun; 5 curare-tipped needles; the kobold skeleton of Sonja You open the door. 2 giant spores come into view.
Found five items.
Found 54 gold pieces.
There is an open door here.
The helpless giant spore fails to defend itself.
You stick the giant spore like a pincushion!!!!
The giant spore explodes!
The explosion of spores engulfs you!
You are confused.
Ouch! That really hurt!
The explosion of spores engulfs the giant spore.
The giant spore explodes!
A fungus suddenly grows.
The explosion of spores engulfs you!
You are more confused.
Ouch! That really hurt!
You die...

#..#_.___##'#.§§§§§§§+§§#
#⌠⌠#_.∩...'..._#§§§§.#§§#
####_..._##_.#'##'#####'###
#_____###'#(#)(..###.'.#
############.####'###.###.#
#∩........'...'.....')∩##.#
###++++####.).###########.#
##.###.......##†# #@#
#..........#
#$!$P$#''.######†#
#$!?%$#.....§.§#§#
#######.†..§§§#§§#
#).((......§≈####
#..(.......≈≈#
##.......≈≈≈## ###..≈≈≈≈###
###'######'###


There were no monsters in sight!

Vanquished Creatures
  2 centaur warriors (D)
  Sonja (D)
  A deep troll (D)
  2 unseen horrors (D)
  An oklob plant (D)
  2 kobold demonologists (D)
  A slime creature (D)
  Sigmund (D)
  2 redbacks (D)
  A yak (D)
  2 giant eyeballs (D)
  7 necrophages (D)
  An ogre (D)
  A wasp (D)
  8 jellies (D)
  Ijyb (D)
34 creatures vanquished.

Notes
Turn   | Place    | Note
--------------------------------------------------------------
     0 | D        | Hipnos the Spriggan Enchanter began the quest for the Orb.
     0 | D        | Reached XP level 1. HP: 9/9 MP: 5/5
     1 | D        | Noticed Ijyb
    11 | D        | Killed Ijyb
    11 | D        | Reached skill level 7 in Stealth
    11 | D        | Reached skill level 5 in Hexes
    11 | D        | Reached XP level 2. HP: 10/13 MP: 7/7
   143 | D        | Learned a level 2 spell: Ensorcelled Hibernation
   144 | D        | Noticed an ogre
   147 | D        | Killed an ogre
   147 | D        | Reached skill level 9 in Stealth
   147 | D        | Reached skill level 5 in Spellcasting
   147 | D        | Reached XP level 3. HP: 17/17 MP: 7/10
   147 | D        | Reached XP level 4. HP: 21/21 MP: 8/12
   181 | D        | Noticed Sigmund
   184 | D        | Killed Sigmund
   184 | D        | Reached skill level 5 in Dodging
   184 | D        | Reached skill level 11 in Stealth
   184 | D        | Reached XP level 5. HP: 25/25 MP: 13/15
   197 | D        | Found a deep blue altar of Sif Muna.
   199 | D        | Found a radiant altar of Vehumet.
   203 | D        | Became a worshipper of Sif Muna the Loreminder
   205 | D        | Reached skill level 12 in Stealth
   205 | D        | Reached skill level 10 in Hexes
   205 | D        | Reached XP level 6. HP: 29/29 MP: 13/16
   230 | D        | Found Suerim's Weapon Emporium.
   230 | D        | Found a white marble altar of Elyvilon.
   230 | D        | Found a stormy altar of Qazlal.
   230 | D        | Found a burning altar of Makhleb.
   230 | D        | Found a sacrificial altar of Ru.
   230 | D        | Found an oddly glowing altar of Pakellas.
   230 | D        | Found a basalt altar of Yredelemnul.
   230 | D        | Found a glowing golden altar of the Shining One.
   230 | D        | Found a sparkling altar of Nemelex Xobeh.
   230 | D        | Found a shimmering altar of Xom.
   230 | D        | Found an opulent altar of Gozag.
   230 | D        | Found an ancient bone altar of Kikubaaqudgha.
   230 | D        | Found a glowing silver altar of Zin.
   230 | D        | Noticed a yak
   231 | D        | Found an iron altar of Okawaru.
   232 | D        | Killed a yak
   232 | D        | Reached * piety under Sif Muna
   232 | D        | Reached skill level 1 in Fighting
   232 | D        | Reached skill level 13 in Stealth
   233 | D        | Found a bloodstained altar of Trog.
   240 | D        | Learned a level 3 spell: Confuse
   256 | D        | Found a snail-covered altar of Cheibriados.
   256 | D        | Found a viscous altar of Jiyva.
   256 | D        | Found a shadowy altar of Dithmenos.
   256 | D        | Found a blossoming altar of Fedhas.
   256 | D        | Noticed a slime creature
   263 | D        | Killed a slime creature
   263 | D        | Reached skill level 14 in Stealth
   263 | D        | Reached XP level 7. HP: 33/33 MP: 13/19
   313 | D        | Noticed a kobold demonologist
   314 | D        | Noticed a kobold demonologist
   316 | D        | Reached ** piety under Sif Muna
   316 | D        | Reached skill level 15 in Stealth
   323 | D        | Killed a kobold demonologist
   326 | D        | Killed a kobold demonologist
   326 | D        | Reached *** piety under Sif Muna
   326 | D        | Reached skill level 16 in Stealth
   326 | D        | Reached XP level 8. HP: 36/37 MP: 6/22
   427 | D        | Noticed Sonja
   431 | D        | Killed Sonja
   431 | D        | Reached **** piety under Sif Muna
   431 | D        | Reached skill level 17 in Stealth
   431 | D        | Reached skill level 10 in Spellcasting
   446 | D        | Noticed a deep troll
   450 | D        | Killed a deep troll
   450 | D        | Reached skill level 18 in Stealth
   450 | D        | Reached XP level 9. HP: 42/42 MP: 23/25
   460 | D        | Found Qanil's Armour Emporium.
   481 | D        | Noticed a centaur warrior
   481 | D        | Noticed a centaur warrior
   485 | D        | Killed a centaur warrior
   485 | D        | Reached ***** piety under Sif Muna
   485 | D        | Reached skill level 19 in Stealth
   495 | D        | Killed a centaur warrior
   495 | D        | Reached skill level 20 in Stealth
   519 | D        | Found Debaufemp's Distillery.
   568 | D        | Noticed an oklob plant
   570 | D        | Killed an oklob plant
   570 | D        | Reached ****** piety under Sif Muna
   570 | D        | Received a gift from Sif Muna
   570 | D        | Reached skill level 15 in Hexes
   570 | D        | Reached XP level 10. HP: 44/46 MP: 27/27
   571 | D        | Identified Sif Muna's Primer on Casting (Sif Muna gifted it to you in the Dungeon)
   581 | D        | Reached skill level 21 in Stealth
   599 | D        | Noticed an unseen horror
   599 | D        | Noticed an unseen horror
   737 | D        | Killed an unseen horror
   737 | D        | Reached skill level 22 in Stealth
   739 | D        | Killed an unseen horror
   791 | D        | Found Zuuda's Antique Armour Shoppe.
   791 | D        | Found Sorekh's Jewellery Shop.
   791 | D        | Found Mahiomn's Assorted Antiques.
   793 | D        | Found Jaadghoso's Assorted Antiques.
   793 | D        | Found Noib's Assorted Antiques.
   793 | D        | Found Wyskiy's Weapon Shoppe.
   793 | D        | Found Karudaics's Book Boutique.
   793 | D        | Found Terum's Gadget Emporium.
   793 | D        | Found Ykenuk's Distillery.
   793 | D        | Found Wefiete's Distillery.
   795 | D        | Bought the ring of Rixam {rC++ rN+ Str-2 Int-5 Stlth+} for 441 gold pieces
   795 | D        | Bought an uncursed ring of poison resistance for 280 gold pieces
   799 | D        | Bought a glowing cloak for 108 gold pieces
   805 | D        | Found Ysext's Gadget Boutique.
   806 | D        | Found Ujaorra's Gadget Emporium.
   806 | D        | Found Jogudaod's General Store.
   807 | D        | Found Fyggamep's Weapon Emporium.
   892 | D        | Killed by an exploding giant spore

Skill      XL: |  1  2  3  4  5  6  7  8  9 10 |
---------------+-------------------------------+-----
Dodging        | 4 5 6 7 8 9 |  9.4
Stealth        | 7 9 11 12 14 16 18 20 22 | 22.7
Spellcasting   | 3 5 6 8 9 11 12 14 | 14.0
Hexes          | 5 7 9 10 11 12 14 15 | 15.8
Fighting       | 1 2 |  2.1
Short Blades   | 2 3 |  3.6

Action                   |  1- 3 |  4- 6 |  7- 9 | 10-12 || total
-------------------------+-------+-------+-------+-------++-------
Melee: Dagger            |     9 |     5 |    13 |    42 ||    69
 Cast: Ensorcelled Hiber |       |     3 |     7 |    10 ||    20
       Confuse           |       |       |     3 |     8 ||    11
  Use: Potion            |     1 |       |       |       ||     1
 Stab: Sleeping          |     1 |     5 |     7 |    15 ||    28
       Confused          |       |       |     3 |     5 ||     8
Armor: Robe              |     1 |       |       |     2 ||     3
Dodge: Dodged            |     2 |     2 |     7 |    34 ||    45
